 Dungeon Crawl Stone Soup version 0.26-a0-668-gd58323b419 (webtiles) character file.

Game seed: 6535354477748672504

2719 grandjackal the Skirmisher (level 9, 0/71 HPs)
             Began as a Demonspawn Gladiator on Oct 18, 2020.
             Was an Elder of Okawaru.
             Slain by an orc priest
             ... wielding a +0 trident
              (7 damage)
             ... on level 7 of the Dungeon.
             The game lasted 00:09:03 (7994 turns).

grandjackal the Skirmisher (Demonspawn Gladiator)   Turns: 7994, Time: 00:09:04

Health: 0/71       AC:  9    Str: 18    XL:     9   Next: 39%
Magic:  13/13      EV: 15    Int: 10    God:    Okawaru [****..]
Gold:   385        SH:  0    Dex: 20    Spells: 8/8 levels left

rFire    + . .     SeeInvis .   a - +0 long sword
rCold    . . .     Faith    .   (no shield)
rNeg     . . .     Spirit   .   e - +0 ring mail
rPois    .         Reflect  .   (helmet restricted)
rElec    .         Harm     .   (no cloak)
rCorr    +         Rampage  .   r - +0 pair of gloves
MR       .....                  j - +0 pair of boots
Stlth    +.........             (no amulet)
HPRegen  0.21/turn              D - ring of resist corrosion
MPRegen  0.13/turn              s - +6 ring of dexterity

@: hasted and slowed
A: horns 1, icy blue scales 1, fire resistance 1, powered by pain 1
a: Heroism, Renounce Religion


You were on level 7 of the Dungeon.
You worshipped Okawaru.
Okawaru was greatly pleased with you.
You visited 1 branch of the dungeon, and saw 7 of its levels.

You collected 385 gold pieces.

Inventory:

Hand Weapons
 a - a +0 long sword (weapon)
 q - a +0 antimagic short sword
 z - a +0 shortbow
Missiles
 d - 5 throwing nets (quivered)
 t - 8 curare-tipped darts
 A - 87 arrows
Armour
 e - a +0 ring mail (worn)
 j - a +0 pair of boots (worn)
 r - a +0 pair of gloves (worn)
Jewellery
 b - an uncursed ring of flight
 s - a +6 ring of dexterity (right hand)
 D - a ring of resist corrosion (left hand)
Wands
 y - a wand of iceblast (6)
 F - a wand of flame (13)
Scrolls
 g - 2 scrolls of fear {unknown}
 k - 2 scrolls of enchant weapon {unknown}
 m - 6 scrolls of identify {unknown}
 o - 6 scrolls of remove curse
 u - 3 scrolls of enchant armour {unknown}
 x - a scroll of magic mapping {unknown}
 H - a scroll of amnesia {unknown}
Potions
 c - a potion of cancellation {unknown}
 f - a potion of haste
 h - a potion of stabbing {unknown}
 i - a potion of curing
 l - a potion of magic {unknown}
 n - a potion of lignification {unknown}
 p - 3 potions of brilliance {unknown}
 v - 3 potions of flight {unknown}
 w - 2 potions of mutation {unknown}
 B - a potion of might {unknown}
 C - a potion of berserk rage {unknown}
 E - a potion of ambrosia {unknown}
 G - a potion of heal wounds {unknown}


   Skills:
 + Level 6.6 Fighting
 + Level 6.4 Long Blades
 + Level 3.6 Bows
 - Level 1.7 Throwing
 + Level 6.4 Dodging
 + Level 6.6 Invocations


You had 8 spell levels left.
You didn't know any spells.
Your spell library contained the following spells:

 Spells                   Type           Power        Failure   Level
 Animate Skeleton         Necr           #.....       56%         1
 Pain                     Necr           #...         56%         1
 Vampiric Draining        Necr           #.........   90%         3
 Animate Dead             Necr           #.........   100%        4
 Agony                    Necr           #.......     100%        5


Dungeon Overview and Level Annotations

Branches:
Dungeon (7/15)             Temple (0/1) D:4

Altars:
Elyvilon
Gozag
Okawaru
Qazlal
Trog
Vehumet
Wu Jian
Xom
Yredelemnul

Annotations:
D:6 2 transporters, IdlyInterested's ghost, novice FoFi


Innate Abilities, Weirdness & Mutations

You have a pair of small horns on your head.
You are partially covered in icy blue scales. (AC +2)
Your flesh is heat resistant. (rF+)
You sometimes gain a little power by taking damage.


Message History

The orc priest is moderately wounded.
The orc closely misses you.
You riposte.
You barely miss the orc. You headbutt the orc.
The orc is heavily wounded.
The orc priest completely misses you.
You riposte.
You slash the orc priest!
The orc priest is almost dead.
The orc warrior hits you with a cursed -1 glaive.
* * * LOW HITPOINT WARNING * * *
You closely miss the orc priest.
The orc priest is almost dead.
The orc hits you but does no damage. The orc priest barely misses you.
Unknown command.
You barely miss the orc priest.
The orc priest is almost dead.
The orc warrior barely misses you.
You riposte.
You hit the orc warrior but do no damage.
The orc warrior is lightly wounded.
The orc completely misses you.
The orc priest hits you with a +0 trident!
You die...

###.....###
##.....## #........
#..##..### ######
#.## #..# #.)..##
##.# ##.###
#..##..## ##..#
#.##. #..#
##..####..# ##....
#..
##)@o....######...P.
#..
#.oo...........>.._
#...
##..##...####....P.
.... ######.##
##..... .... #.#
#....# #.# #..###
#.# #..# #.# #...
..# ....


You could see an orc warrior, an orc priest and an orc.

Vanquished Creatures
  Harold (D:7)
  Menkaure (D:6)
  A water moccasin (D:7)
  A sky beast (D:4)
  2 eyes of draining (D:3)
  An ice beast (D:5)
  2 centaurs
  A bullfrog (D:6)
  3 scorpions (D:5)
  5 wights (D:6)
  3 howler monkeys (D:7)
  2 hounds
  A bullfrog zombie (D:5)
  A jelly (D:6)
  An orc priest (D:3)
  An iguana (D:4)
  7 orc wizards
  A centaur skeleton (D:7)
  Ijyb (D:4)
  A worker ant (D:7)
  A hound zombie (D:6)
  7 gnolls (D:4)
  13 adders
  3 shadow imps
  A white imp (D:5)
  2 ufetubi
  An ooze (D:4)
  3 worms
  2 leopard geckos
  16 orcs
  5 bats
  2 giant cockroaches
  5 goblins
  6 hobgoblins
  5 jackals (D:2)
  8 kobolds
  3 quokkas
  A ball python (D:1)
  2 frilled lizards
  A jackal skeleton (D:4)
  3 rats (D:3)
127 creatures vanquished.

Notes
Turn   | Place    | Note
-------+----------+-------------------------------------------
     0 | D:1      | grandjackal the Demonspawn Gladiator began the quest for
                  | the Orb.
     0 | D:1      | Reached XP level 1. HP: 16/16 MP: 1/1
   660 | D:1      | Gained mutation: Your flesh is heat resistant. (rF+)
                  | [demonic ancestry]
   660 | D:1      | Reached XP level 2. HP: 22/22 MP: 2/2
   764 | D:2      | Reached XP level 3. HP: 19/28 MP: 3/3
  1658 | D:3      | Found a faded altar of an unknown god.
  1778 | D:3      | Reached XP level 4. HP: 24/35 MP: 4/4
  2078 | D:3      | Noticed an eye of draining
  2080 | D:3      | Found a bloodstained altar of Trog.
  2080 | D:3      | Noticed an eye of draining
  2100 | D:3      | Killed an eye of draining
  2100 | D:3      | Reached XP level 5. HP: 33/41 MP: 1/5
  2111 | D:3      | Killed an eye of draining
  2111 | D:3      | Gained mutation: You are partially covered in icy blue
                  | scales. (AC +2) [demonic ancestry]
  2111 | D:3      | Reached XP level 6. HP: 29/48 MP: 0/6
  3025 | D:3      | Found an iron altar of Okawaru.
  3026 | D:3      | Found an ornate altar of the Wu Jian Council.
  3027 | D:3      | Found a radiant altar of Vehumet.
  3035 | D:3      | Found a shimmering altar of Xom.
  3042 | D:3      | Became a worshipper of Warmaster Okawaru
  3366 | D:4      | Reached skill level 1 in Invocations
  3516 | D:4      | Found a staircase to the Ecumenical Temple.
  3887 | D:4      | Found an opulent altar of Gozag.
  3892 | D:4      | Gained mutation: You sometimes gain a little power by
                  | taking damage. [demonic ancestry]
  3892 | D:4      | Reached XP level 7. HP: 55/55 MP: 8/8
  4258 | D:4      | Noticed Ijyb
  4425 | D:4      | Killed Ijyb
  4499 | D:5      | Entered Level 5 of the Dungeon
  4903 | D:5      | Reached * piety under Okawaru
  4903 | D:5      | Reached skill level 5 in Fighting
  4903 | D:5      | Reached skill level 5 in Long Blades
  4903 | D:5      | Reached skill level 5 in Dodging
  5105 | D:5      | Found a stormy altar of Qazlal.
  5603 | D:5      | Reached skill level 1 in Bows
  5606 | D:5      | Gained mutation: You have a pair of small horns on your
                  | head. [demonic ancestry]
  5606 | D:5      | Reached XP level 8. HP: 41/62 MP: 9/11
  5926 | D:5      | Found a white marble altar of Elyvilon.
  6532 | D:6      | Reached ** piety under Okawaru
  6565 | D:6      | Found a transporter.
  6710 | D:6      | Noticed IdlyInterested's ghost (novice FoFi)
  6747 | D:6      | Noticed Menkaure
  6757 | D:6      | Killed Menkaure
  6757 | D:6      | Reached skill level 5 in Invocations
  7096 | D:6      | Found a transporter.
  7616 | D:7      | Found a basalt altar of Yredelemnul.
  7917 | D:7      | Noticed Harold
  7937 | D:7      | Killed Harold
  7937 | D:7      | Reached *** piety under Okawaru
  7937 | D:7      | Reached **** piety under Okawaru
  7937 | D:7      | Reached XP level 9. HP: 43/71 MP: 13/13
  7994 | D:7      | Slain by an orc priest

Illustrated notes

Levels and vault maps discovered:
D:1:      dpeg_arrival_long_road, layout_basic
D:2:      layout_basic
D:3:      layout_loops_corners, trog_eyes_of_draining, minitemple,
          serial_rivers, chequers_serial_rivers_micro_b,
          chequers_serial_rivers_room_b, chequers_serial_rivers_room_b,
          chequers_serial_rivers_room_a, chequers_serial_rivers_large_b,
          chequers_ecumenical_altar_simple_redux, serial_bayou_crossing
D:4:      layout_basic, minmay_temple_entry_overgrown, serial_glass,
          glass_columns_b, glass_columns_c, chequers_serial_rivers_micro_d,
          nicolae_gozag_cash_rules_everything_around_me, uniq_ijyb
D:5:      layout_gridville, kennysheep_mini, old_standard_altar
D:6:      layout_basic, gammafunk_ghost_arena, nrook_campfire, uniq_menkaure
D:7:      layout_layer_cave, yredelemnul_altar_generic, uniq_harold

Skill      XL: |  1  2  3  4  5  6  7  8 |
---------------+-------------------------+-----
Long Blades    | 3 4 5 6 |  6.4
Dodging        | 3 4 5 6 |  6.4
Fighting       | 3 4 5 6 |  6.6
Invocations    | 2 4 6 |  6.6
Bows           | 1 3 |  3.6
Throwing       | |  1.7

Action                   |  1- 3 |  4- 6 |  7- 9 || total
-------------------------+-------+-------+-------++-------
Melee: Long sword        |   106 |   189 |   272 ||   567
       Headbutt          |       |       |    52 ||    52
  Use: Scroll            |       |       |     1 ||     1
       Potion            |       |       |     2 ||     2
Armor: Ring mail         |    36 |    94 |    93 ||   223
Dodge: Dodged            |    96 |   145 |   222 ||   463
       Rpst.: Long sword |    29 |    47 |    57 ||   133

Table legend: (Time is in decaauts)
 A = Elapsed time spent in this place.
 B = Non-inter-level travel time spent in this place.
 C = Inter-level travel time spent in this place.
 D = Time resting spent in this place.
 E = Time spent auto-exploring this place.
 F = Levels seen in this place.
 G = Mean time per level.
                   A        B        C        D        E       F      G
               +--------+--------+--------+--------+--------+-----+--------+
         Total |   8141 |   7959 |    182 |   2288 |   4442 |   7 | 1163.0 |
       Dungeon |   8141 |   7959 |    182 |   2288 |   4442 |   7 | 1163.0 |
               +--------+--------+--------+--------+--------+-----+--------+

Top non-repeatable levels by time:
     D:4: 1758 daAuts
     D:3: 1690 daAuts
     D:5: 1602 daAuts
     D:6: 1093 daAuts
     D:2: 848 daAuts
     D:1: 701 daAuts
     D:7: 447 daAuts
